 Dungeon Crawl Stone Soup version 0.29.0-3-gbb0933ed62 (webtiles) character file.

Game seed: 15337939622430581933

287 gelatine the Ogre Mage (level 6, 0/53 HPs)
             Began as an Ogre Fire Elementalist on Aug 26, 2022.
             Slain by a hound (2 damage)
             ... on level 5 of the Dungeon.
             The game lasted 00:07:11 (2885 turns).

gelatine the Ogre Mage (Ogre Fire Elementalist)     Turns: 2885, Time: 00:07:12

Health: 0/53       AC:  5    Str: 13    XL:     6   Next: 30%
Magic:  1/12       EV: 10    Int: 18    God:
Gold:   39         SH:  0    Dex:  9    Spells: 10/13 levels left

rFire   . . .      SeeInvis .   c - +0 hand axe
rCold   . . .      Faith    .   (no shield)
rNeg    . . .      Spirit   .   q - +2 robe
rPois   .          Reflect  .   (helmet restricted)
rElec   .          Harm     .   (no cloak)
rCorr   .          Rampage  .   (gloves unavailable)
Will    .....                   (boots unavailable)
Stlth   ++........              (no amulet)
HPRegen 0.17/turn               (no ring)
MPRegen 0.13/turn               (no ring)

@: no status effects
A: large, unfitting armour, tough skin 1
a: no special abilities


You were on level 5 of the Dungeon.
You visited 1 branch of the dungeon, and saw 5 of its levels.

You collected 127 gold pieces.
You spent 88 gold pieces at shops.

Inventory:

Hand Weapons
 c - a +0 hand axe (weapon)
Missiles
 a - 6 datura-tipped darts
Armour
 q - a +2 robe (worn)
Magical Staves
 f - a staff of earth
Scrolls
 d - 2 scrolls of identify
 g - a scroll of butterflies {unknown}
 i - a scroll of acquirement {unknown}
 j - a scroll of amnesia {unknown}
 k - a scroll of enchant armour {unknown}
 m - a scroll of poison {unknown}
 n - a scroll of vulnerability {unknown}
 r - a scroll of brand weapon {unknown}
 s - a scroll of fear {unknown}
Potions
 b - a potion of magic
 h - a potion of flight
 l - a potion of berserk rage {unknown}
 o - a potion of attraction {unknown}
 p - a potion of brilliance {unknown}


   Skills:
 + Level 0.3 Fighting
 + Level 1.2 Axes
 + Level 2.8 Dodging
 + Level 1.7 Stealth
 + Level 4.2 Spellcasting
 + Level 1.8 Conjurations
 + Level 4.1 Fire Magic


You had 10 spell levels left.
You knew the following spells:

 Your Spells              Type           Power      Damage    Failure   Level
a - Foxfire               Conj/Fire      56%        2x1d6     4%          1
b - Scorch                Fire           36%        2d7       3%          2

Your spell library contained the following spells:

 Spells                   Type           Power      Damage    Failure   Level
 Conjure Flame            Conj/Fire      14%        6-21      13%         3
 Inner Flame              Hex/Fire       11%        N/A       19%         3
 Flame Wave               Conj/Fire      14%        2d6       38%         4


Dungeon Overview and Level Annotations

Branches:
Dungeon (6/15)
 Temple: D:4-7

Altars:

Shops:
D:1 [


Innate Abilities, Weirdness & Mutations

You are too large for most types of armour.
You have tough skin. (AC +1)


Message History

You kill the orc!
You feel sick.
The scorpion stings you but does no damage.
Casting: Scorch (safe; 4% risk of failure)
Confirm with . or Enter, or press ? or * to list all spells.
Flames lash the orc.
You kill the orc!
You feel sick. The scorpion barely misses you.
Casting: Scorch (safe; 3% risk of failure)
Confirm with . or Enter, or press ? or * to list all spells.
Flames lash the hound.
The hound is moderately wounded.
The hound's fire resistance burns away.
You feel sick.
You are no longer poisoned.
The scorpion stings you. The scorpion barely misses you.
You hit the scorpion but do no damage.
The scorpion is almost dead.
You barely miss the hound. The hound bites you.
The scorpion stings you but does no damage.
The hound barely misses you.
You closely miss the scorpion.
The scorpion is almost dead.
You miss the hound.
The hound is no longer more vulnerable to fire.
The hound bites you but does no damage. The scorpion stings you.
* * * LOW HITPOINT WARNING * * *
The hound bites you.
* * * LOW HITPOINT WARNING * * *
As you read the scroll labelled DOIL PERROXAOZY, it crumbles to dust.
It is a scroll of identify.
h - a potion of flight The scorpion stings you.
* * * LOW HITPOINT WARNING * * *
The hound bites you.
* * * LOW HITPOINT WARNING * * *
The scorpion completely misses you.
As you read the scroll labelled CURAJY VELE, it crumbles to dust.
You feel aware of your surroundings.
You sensed 6 altars.
It was a scroll of magic mapping.
The hound bites you.
You die...

########**##****
#@so#..#,..,,,,*
#h#.)!.#.##***,*
#.#...>)..#***,***
#.#.....(.....,,,,
#.###...#..##.,,,,
#.#,....#,.#*,,,,,
#.#.#.....,#**,,,*
#.#.....#.,,****,*
*,#*#......,,,,,,,


You could see a scorpion, a hound and an orc.

Vanquished Creatures
  Sigmund (D:3)
  5 adders (D:2)
  A gnoll (D:1)
  A worm (D:3)
  2 dart slugs
  6 orcs
  7 endoplasms
  3 hobgoblins
  10 jackals (D:1)
  4 quokkas
  2 ball pythons (D:1)
  4 bats
  A frilled lizard (D:3)
  A goblin (D:2)
  4 kobolds
  4 rats
56 creatures vanquished.

Vanquished Creatures (others)
  128 foxfires
128 creatures vanquished.

Grand Total: 184 creatures vanquished

Notes
Turn   | Place    | Note
-------+----------+-------------------------------------------
     0 | D:1      | gelatine the Ogre Fire Elementalist began the quest for the
                  | Orb.
     0 | D:1      | Reached XP level 1. HP: 16/16 MP: 3/3
   193 | D:1      | Found a faded altar of an unknown god.
   294 | D:1      | Reached XP level 2. HP: 24/24 MP: 0/5
   652 | D:1      | Found Uqagijussy's Antique Armour Emporium.
   686 | D:1      | Reached skill level 1 in Conjurations
   686 | D:1      | Reached XP level 3. HP: 31/31 MP: 1/6
  1508 | D:2      | Reached XP level 4. HP: 32/39 MP: 4/8
  1806 | D:2      | Learned a level 2 spell: Scorch
  2406 | D:1      | Bought a runed robe for 88 gold pieces
  2472 | D:3      | Noticed Sigmund
  2476 | D:3      | Killed Sigmund
  2477 | D:3      | Reached skill level 1 in Axes
  2477 | D:3      | Reached XP level 5. HP: 45/45 MP: 2/11
  2477 | D:3      | Reached XP level 6. HP: 53/53 MP: 2/12
  2828 | D:3      | You fall into a shaft and drop 3 floors!
  2866 | D:5      | Entered Level 5 of the Dungeon
  2884 | D:5      | HP: 1/53 [hound (5)]
  2885 | D:5      | Slain by a hound

Illustrated notes

Levels and vault maps discovered:
D:1:      ebering_trefoil_twist, layout_loops_corners, serial_shops,
          nicolae_diamond_shop, chequers_ecumenical_altar_island
D:2:      layout_loops_ring
D:3:      layout_basic, grunt_ministairs_3, minivault_25, uniq_sigmund
D:5:      layout_basic, minitemple, grunt_ministairs_3,
          kennysheep_generic_room_7
D:6:      layout_gridville, uniq_menkaure

Skill      XL: |  1  2  3  4 |
---------------+-------------+-----
Dodging        | 2 |  2.8
Fire Magic     | 3 4 |  4.1
Conjurations   | 1 |  1.8
Spellcasting   | 4 |  4.2
Axes           | 1 |  1.2
Fighting       | |  0.3
Stealth        | |  1.7

Action                   |  1- 3 |  4- 6 || total
-------------------------+-------+-------++-------
Melee: Hand axe          |    26 |    19 ||    45
 Cast: Foxfire           |    36 |    46 ||    82
       Scorch            |       |    20 ||    20
  Use: Scroll            |       |     2 ||     2
Armor: Robe              |    14 |    26 ||    40
Dodge: Dodged            |    16 |    30 ||    46
